 Dungeon Crawl Stone Soup version 0.31-a0-466-g98c9adc2b6 (webtiles) character file.

Game seed: 10413346154862720816

48 randomguy2701 the Stinger (level 3, -1/21 HPs)
             Began as an Octopode Venom Mage on Aug 5, 2023.
             Slain by an adder (3 damage)
             ... on level 3 of the Dungeon.
             The game lasted 00:04:08 (1561 turns).

randomguy2701 the Stinger (Octopode Venom Mage)     Turns: 1561, Time: 00:04:09

Health: -1/21      AC:  1    Str:  7    XL:     3   Next: 72%
Magic:  4/6        EV: 13    Int: 19    God:
Gold:   25         SH:  0    Dex: 12    Spells: 6/7 levels left

rFire   . . .        (no weapon)
rCold   . . .        (no shield)
rNeg    . . .        (helmet restricted)
rPois   .            (no amulet)
rElec   .            (no ring)
rCorr   .            (no ring)
SInv    .            (no ring)
Will    .....        (no ring)
Stlth   +++          (no ring)
HPRegen 0.23/turn    (no ring)
MPRegen 0.10/turn    (no ring)
                     (no ring)

%: no passive effects
@: no status effects
A: almost no armour, amphibious, 8 rings, camouflage 1, gelatinous body 1,
(nimble swimmer 1), tentacles
a: no special abilities


You were on level 3 of the Dungeon.
You visited 1 branch of the dungeon, and saw 3 of its levels.

You collected 25 gold pieces.

Inventory:

Jewellery
 f - a +5 ring of evasion
Scrolls
 b - 3 scrolls of amnesia {unknown}
 e - 2 scrolls of teleportation {unknown}
 g - a scroll of blinking {unknown}
Potions
 a - a potion of magic
 d - a potion of degeneration {unknown}


   Skills:
 + Level 2.2 Dodging
 + Level 2.9 Stealth
 + Level 2.5 Spellcasting
 + Level 1.6 Transmutations
 + Level 4.4 Poison Magic


You had 6 spell levels left.
You knew the following spells:

 Your Spells              Type           Power      Damage    Failure   Level
a - Sting                 Tmut/Pois      56%        1d5       4%          1

Your spell library contained the following spells:

 Spells                   Type           Power      Damage    Failure   Level
 Poisonous Vapours        Pois/Air       20%        N/A       10%         2
 Mephitic Cloud           Conj/Pois/Air  8%         N/A       26%         3
 Olgreb's Toxic Radiance  Pois           19%        N/A       26%         4


Dungeon Overview and Level Annotations

Branches:
Dungeon (3/15)

Altars:

Annotations:
D:2 Sigmund


Innate Abilities, Weirdness & Mutations

You cannot wear most types of armour.
You are amphibious.
You can wear up to eight rings at the same time.
Your skin changes colour to match your surroundings (Stealth+).
Your rubbery body absorbs attacks. (AC +1, EV +1)
((You are camouflaged when in or above water. (Stealth+)))
You have tentacles for arms and can constrict up to eight enemies at once.


Message History

You are poisoned.
The adder poisons you! The adder attacks as you move away!
The adder barely misses you.
You feel sick. The adder attacks as you move away! The adder misses you.
You feel sick. The adder attacks as you move away! The adder misses you.
You feel sick. The adder misses you.
You feel sick.
You are no longer poisoned.
The adder attacks as you move away! The adder misses you.
The adder barely misses you. The adder attacks as you move away!
The adder closely misses you. The adder bites you.
* * * LOW HITPOINT WARNING * * *
The adder attacks as you move away! The adder closely misses you.
The adder misses you.
There is a stone staircase leading down here.
The adder bites you.
* * * LOW HITPOINT WARNING * * *
You climb downwards.
Reactivating autopickup.
There is a stone staircase leading up here.
You are too injured to fight recklessly!
You are too injured to fight recklessly!
Casting: Sting (safe; 4% risk of failure)
Confirm with . or Enter, or press ? or * to list all spells.
Aiming: Sting (safe; 4% risk of failure)
Press: ? - help, Shift-Dir - straight line, f - adder
Aim: an adder (53% to hit)
The sting hits the adder.
The adder is poisoned.
The adder is moderately wounded.
The adder bites you.
* * * LOW HITPOINT WARNING * * *
Unknown command.
Casting: Sting (safe; 4% risk of failure)
Confirm with . or Enter, or press ? or * to list all spells.
Aiming: Sting (safe; 4% risk of failure)
Press: ? - help, Shift-Dir - straight line, f/p - adder
Aim: an adder (moderately wounded, poisoned, 53% to hit)
The sting misses the adder.
The adder bites you.
You die...

###
#@#
#S#
#.#
#.#
#.#
#.#
#.#
#.#


You could see an adder (poisoned).

Vanquished Creatures
  3 dart slugs (D:1)
  4 ball pythons
  3 bats
  2 endoplasms (D:1)
  2 giant cockroaches
  5 goblins (D:1)
  2 hobgoblins
  7 jackals (D:1)
  A quokka (D:1)
  4 frilled lizards
  3 rats (D:1)
36 creatures vanquished.

Notes
Turn   | Place    | Note
-------+----------+-------------------------------------------
     0 | D:1      | randomguy2701 the Octopode Venom Mage began the quest for
                  | the Orb.
     0 | D:1      | Reached XP level 1. HP: 11/11 MP: 3/3
   124 | D:1      | Reached skill level 4 in Poison Magic
   124 | D:1      | Reached XP level 2. HP: 17/17 MP: 3/5
   513 | D:1      | Reached XP level 3. HP: 21/21 MP: 0/6
  1517 | D:2      | Noticed Sigmund
  1521 | D:2      | HP: 1/21 [poisoned by an adder]
  1561 | D:3      | Slain by an adder

Illustrated notes

Levels and vault maps discovered:
D:1:      tekkud_arrival_beachfront_property, layout_basic
D:2:      layout_loops_ring, kennysheep_path_1, uniq_sigmund
D:3:      layout_basic

Skill      XL: |  1 |
---------------+----+-----
Poison Magic   | 4 |  4.4
Dodging        | |  2.2
Stealth        | |  2.9
Spellcasting   | |  2.5
Transmutations | |  1.6

Action                     || total
---------------------------++-------
  Melee: Unarmed           ||    19
         Constrict         ||     6
         Tentacles         ||     4
   Cast: Sting             ||    60
    Use: Potion            ||     2
 Armour: Skin              ||     6
  Dodge: Dodged            ||    40

Table legend: (Time is in decaauts)
 A = Elapsed time spent in this place.
 B = Non-inter-level travel time spent in this place.
 C = Inter-level travel time spent in this place.
 D = Time resting spent in this place.
 E = Time spent auto-exploring this place.
 F = Levels seen in this place.
 G = Mean time per level.
                   A        B        C        D        E       F      G
               +--------+--------+--------+--------+--------+-----+--------+
         Total |   1560 |   1504 |     56 |      0 |   1292 |   3 |  520.0 |
       Dungeon |   1560 |   1504 |     56 |      0 |   1292 |   3 |  520.0 |
               +--------+--------+--------+--------+--------+-----+--------+

Top non-repeatable levels by time:
     D:1: 1358 daAuts
     D:2: 200 daAuts
     D:3: 1 daAuts
